 Dungeon Crawl Stone Soup version 0.22-a0-565-gfc6459a (webtiles) character file.

6204 Amnesiac the Prestidigitator (level 10, -5/46 HPs)
             Began as a Spriggan Wanderer on June 28, 2018.
             Was an Initiate of Gozag.
             Slain by a troll (6 damage)
             ... on level 9 of the Dungeon.
             The game lasted 00:21:31 (11480 turns).

Amnesiac the Prestidigitator (Spriggan Wanderer)   Turns: 11480, Time: 00:21:32

Health: -5/46      AC:  4    Str: 13    XL:     10   Next: 61%
Magic:  18/21      EV: 20    Int: 18    God:    Gozag
Gold:   854        SH:  0    Dex: 13    Spells: 12/22 levels left

rFire    + . .     SeeInvis +   b - +9 staff of Olgreb {rPois}
rCold    . . .     Gourm    .   (shield currently unavailable)
rNeg     . . .     Faith    .   C - +1 robe of Icikhluc {rF+ MR+ Int+3 SInv}
rPois    ∞         Spirit   .   c - +0 hat {MR+}
rElec    .         Reflect  .   j - +0 cloak
rCorr    .         Harm     .   (gloves unavailable)
MR       +++..                  (boots unavailable)
Stlth    +++.......             (no amulet)
HPRegen  0.15/turn              e - +2 ring of evasion
MPRegen  0.17/turn              o - +3 ring of slaying

@: very quick
A: very small, unfitting armour, see invisible, herbivore, speed 3, slow
metabolism 2
a: Potion Petition, Call Merchant, Bribe Branch, Renounce Religion


You were on level 9 of the Dungeon.
You worshipped Gozag.
Gozag was pleased with you.
You were not hungry.

You visited 2 branches of the dungeon, and saw 10 of its levels.
You also visited: Sewer.

You collected 1048 gold pieces.
You paid 194 gold pieces to Gozag.

Inventory:

Hand Weapons
 a - a +2 dagger of venom
 b - the +9 staff of Olgreb (weapon) {rPois}
   (You found it on level 6 of the Dungeon)

   It protects you from poison.
Armour
 c - a +0 hat of magic resistance (worn)
 d - +0 steam dragon scales
 j - a +0 cloak (worn)
 C - the +1 robe of Icikhluc (worn) {rF+ MR+ Int+3 SInv}
   (You found it on level 8 of the Dungeon)

   It affects your intelligence (+3).
   It protects you from fire.
   It affects your resistance to hostile enchantments.
   It lets you see invisible.
Jewellery
 e - a +2 ring of evasion (left hand)
 o - a +3 ring of slaying (right hand)
 t - an uncursed amulet of regeneration {unknown}
Wands
 s - a wand of flame (2)
Scrolls
 g - 7 scrolls of amnesia {!r}
 k - 4 scrolls of enchant weapon {!r}
 l - 7 scrolls of identify {!r}
 p - 4 scrolls of teleportation {!r}
 w - 3 scrolls of blinking {!r}
 x - 4 scrolls of remove curse {!r}
 y - 2 scrolls of magic mapping {!r}
 A - a scroll of immolation {!r, unknown}
 D - a scroll of enchant armour {!r, unknown}
Potions
 h - 3 potions of brilliance {!q, unknown}
 i - 5 potions of curing {!q}
 m - 6 potions of heal wounds {!q, unknown}
 n - a potion of lignification {!q, unknown}
 q - 2 potions of ambrosia {!q, unknown}
 r - a potion of berserk rage {!q, unknown}
 u - a potion of might {!q}
 v - 3 potions of flight {!q}
 z - 4 potions of mutation {!q, unknown}
 B - a potion of resistance {!q, unknown}
 E - a potion of degeneration {!q, unknown}
Comestibles
 f - 13 rations


   Skills:
 - Level 1.5 Fighting
 - Level 7.3 Short Blades
 - Level 4.0 Staves
 + Level 4.0 Dodging
 - Level 7.3 Stealth
 - Level 6.5 Spellcasting
   Level 3.6 Hexes
   Level 1.5 Charms
 - Level 3.0 Translocations
 * Level 13.9 Evocations


You had 12 spell levels left.
You knew the following spells:

 Your Spells              Type           Power        Failure   Level  Hunger
a - Call Imp              Summ           #.......     17%         2    None
e - Mephitic Cloud        Conj/Pois/Air  #.......     34%         3    ##.....
s - Conjure Flame         Conj/Fire      #.......     34%         3    ##.....
v - Blink                 Tloc           N/A          4%          2    None

Your spell library contained the following spells:

 Spells                   Type           Power        Failure   Level  Hunger
 Magic Dart               Conj           #...         12%         1    None
 Apportation              Tloc           ###...       3%          1    None
 Slow                     Hex            ###.....     3%          2    None
 Summon Small Mammal      Summ           #...         12%         1    None
 Iskenderun's Mystic Bla  Conj           #.......     75%         4    ####...
 Animate Skeleton         Necr           N/A          12%         1    None
 Spider Form              Tmut/Pois      #.........   34%         3    ##.....
 Blade Hands              Tmut           #.........   97%         5    #####..
 Ice Form                 Ice/Tmut       #.......     75%         4    ####...
 Confusing Touch          Hex            ###...       2%          1    None
 Sticks to Snakes         Tmut           #.......     17%         2    None
 Beastly Appendage        Tmut           #.....       12%         1    None
 Fulminant Prism          Conj/Hex       ##........   47%         4    ####...
 Dazzling Spray           Conj/Hex       ##....       16%         3    ##.....
 Force Lance              Conj/Tloc      ##......     52%         4    ####...
 Searing Ray              Conj           #.....       17%         2    None


Dungeon Overview and Level Annotations

Branches:
Dungeon (9/15)             Temple (1/1) D:6            Lair (0/6) D:8
    Orc: D:9-12

Altars:
Ashenzari
Cheibriados
Dithmenos
Elyvilon
Fedhas
Gozag
Hepliaklqana
Kikubaaqudgha
Makhleb
Nemelex Xobeh
Okawaru
Qazlal
Ru
Sif Muna
Trog
Uskayaw
Vehumet
Wu Jian
Xom
Yredelemnul
The Shining One
Lugonu

Shops:
D:4 :

Annotations:
D:5 vapour
D:9 3 runed doors


Innate Abilities, Weirdness & Mutations

You are very small and have problems with some larger weapons.
You are too small for most types of armour.
You have supernaturally acute eyesight. (SInv)
You are a herbivore.
You cover ground extremely quickly.
You need to consume almost no food.


Message History

You now have 854 gold pieces (gained 9).
Found 10 gold pieces.
There is an escape hatch in the ceiling here.
A mysterious force pulls you upwards. The hatch slams shut behind you.
There is a stone staircase leading down here.
You climb downwards.
Level annotation: 3 runed doors
There is a stone staircase leading up here.
No target in view!
Found a robe.
No target in view!
Found a robe.
E - a blue potion {!q} No target in view!
You see here a robe.
Found a stone staircase leading down.
There is a stone staircase leading down here.
There is a stone staircase leading down here.
You see here 8 bolts.
There is a stone staircase leading down here.
Key pressed, stopping explore.
A troll comes into view.
The troll shouts!
You hear two shouts!
A troll is nearby!
A troll is nearby!
You begin to radiate toxic energy.
Aiming: Venom Bolt
Press: ? - help, Shift-Dir - straight line, f - troll
Aim: a troll The bolt of poison misses the troll.
You feel slightly more hungry.
The troll is poisoned.
The troll bites you. The troll closely misses you. The troll barely misses you.
Firing (i - inventory) No suitable missiles.
Press: ? - help, Shift-Dir - straight line, f/p - troll
Aim: a troll (lightly wounded, poisoned)
Okay, then.
You sock the troll!
The troll looks even sicker.
The troll is moderately wounded.
The troll closely misses you. The troll barely misses you.
The troll closely misses you.
You hit the troll.
The troll looks even sicker.
The troll is heavily wounded.
The troll bites you! The troll claws you but does no damage.
The troll claws you.
You completely miss the troll.
The troll is heavily wounded.
The troll looks as sick as possible!
A two-headed ogre comes into view. It is wielding two giant spiked clubs.
The troll misses you. x2; The troll claws you!
* * * LOW HITPOINT WARNING * * *
You hit the troll.
The troll looks as sick as possible!
The troll is severely wounded.
The two-headed ogre is poisoned.
The troll looks as sick as possible!
Your toxic aura wanes.
The troll barely misses you. The troll claws you!
* * * LOW HITPOINT WARNING * * *
The troll barely misses you.
You barely miss the troll.
The troll is severely wounded.
The troll bites you!
* * * LOW HITPOINT WARNING * * *
The troll claws you.
You die...
Your body crumbles into a pile of gold.

##.....##
##..............
###.>..###
#...#..........
#...##..#
#.###..........
####.##.#
#.###..........
#.#####
#.##........... ###
### ##.(............
##.##O##>............
#.#.#T##..........##.
#.##@.##.........#...
##.####..............
##.###.........#####
#............###...#
#...##......##......
#.#######.#..#...# #.
... .#..#..# # #..#
.#..# # #.. .# #


You could see a two-headed ogre and a troll.

Vanquished Creatures
  A two-headed ogre (D:8)
  An unseen horror (D:9)
  2 hornets (D:8)
  2 steam dragons (D:6)
  2 soldier ants (D:8)
  2 water moccasins
  2 ice beasts (D:8)
  2 phantoms
  A black bear (D:6)
  3 sky beasts
  2 ogres
  2 centaurs
  Blork the orc (D:6)
  9 bullfrogs
  A scorpion (D:5)
  A water moccasin skeleton (D:6)
  5 wights (D:6)
  15 killer bees
  4 crimson imps
  A bullfrog zombie (D:8)
  3 hounds
  A gnoll shaman (D:8)
  3 orc priests
  A jelly (D:6)
  2 orc wizards
  9 worker ants
  An iguana (D:8)
  2 hound skeletons
  3 worker ant zombies
  8 gnolls (D:8)
  A howler monkey skeleton (D:8)
  10 adders
  4 river rats (D:6)
  11 oozes (Sewer)
  3 worms
  2 dart slugs (D:1)
  13 leopard geckos
  18 orcs
  2 bats
  7 giant cockroaches (Sewer)
  3 goblins (D:1)
  7 hobgoblins
  5 jackals
  9 kobolds
  A quokka (D:6)
  7 ball pythons
  19 frilled lizards
  11 rats
225 creatures vanquished.

Vanquished Creatures (collateral kills)
  Menkaure (D:6)
  A phantom (D:6)
  A water moccasin skeleton (D:5)
  A leopard gecko (D:5)
  An orc (D:5)
5 creatures vanquished.

Vanquished Creatures (others)
  A plant (D:2)
1 creature vanquished.

Grand Total: 231 creatures vanquished

Notes
Turn   | Place    | Note
-------+----------+-------------------------------------------
     0 | D:1      | Amnesiac the Spriggan Wanderer began the quest for the Orb.
     0 | D:1      | Amnesiac set off with: a potion of curing {!q}, a +0 robe, a +0 dagger, a ration
     0 | D:1      | Reached XP level 1. HP: 9/9 MP: 5/5
   448 | D:3      | Reached skill level 1 in Short Blades
   556 | D:2      | Found a basalt altar of Yredelemnul.
   638 | D:2      | Reached XP level 2. HP: 13/13 MP: 7/7
   683 | D:2      | Learned a level 2 spell: Blink
   686 | D:2      | Learned a level 2 spell: Call Imp
   923 | D:4      | Reached skill level 1 in Fighting
   923 | D:4      | Reached XP level 3. HP: 11/18 MP: 8/8
  1191 | D:4      | Reached XP level 4. HP: 22/22 MP: 9/9
  1198 | D:4      | Learned a level 3 spell: Mephitic Cloud
  1561 | D:4      | Reached XP level 5. HP: 15/25 MP: 9/11
  1583 | D:4      | Learned a level 3 spell: Conjure Flame
  1728 | D:4      | Found Waudau's Book Boutique.
  1912 | D:5      | Entered Level 5 of the Dungeon
  1997 | D:3      | Found a faded altar of an unknown god.
  2158 | D:5      | Noticed a water moccasin
  2185 | D:5      | Killed a water moccasin
  2185 | D:5      | Reached XP level 6. HP: 23/30 MP: 7/13
  2268 | D:5      | Reached skill level 5 in Short Blades
  2738 | D:5      | Reached skill level 5 in Stealth
  2829 | D:5      | HP: 1/30 [poisoned by a worker ant]
  3187 | D:5      | Noticed a moth of wrath
  3190 | D:5      | Found a bloodstained altar of Trog.
  3413 | D:5      | HP: 1/30 [water moccasin skeleton (8)]
  4195 | D:5      | Reached XP level 7. HP: 29/33 MP: 10/15
  4356 | D:6      | Reached skill level 5 in Spellcasting
  4613 | D:6      | Found a glowing drain.
  4735 | Sewer    | Entered a sewer
  5557 | Sewer    | Reached XP level 8. HP: 37/37 MP: 13/17
  5624 | D:6      | Found a deep blue altar of Sif Muna.
  5625 | D:6      | Found the +9 staff of Olgreb {rPois}
  5682 | D:6      | Reached skill level 1 in Evocations
  5838 | D:6      | Reached skill level 3 in Evocations
  5957 | D:6      | Reached skill level 4 in Evocations
  6082 | D:6      | Reached skill level 5 in Evocations
  6096 | D:6      | Reached skill level 6 in Evocations
  6256 | D:6      | Noticed Blork the orc
  6275 | D:6      | Reached skill level 7 in Evocations
  6275 | D:6      | Killed Blork the orc
  6381 | D:6      | Reached skill level 8 in Evocations
  6443 | D:6      | Reached XP level 9. HP: 41/41 MP: 19/19
  6667 | D:6      | Noticed Menkaure
  6697 | D:6      | Killed Menkaure
  6697 | D:6      | Reached skill level 9 in Evocations
  6925 | D:6      | Found a staircase to the Ecumenical Temple.
  6959 | Temple   | Entered the Ecumenical Temple
  7442 | D:7      | Reached skill level 10 in Evocations
  7815 | D:7      | Reached skill level 11 in Evocations
  8200 | D:8      | Reached skill level 12 in Evocations
  8618 | D:8      | Found an opulent altar of Gozag.
  8626 | D:8      | Became a worshipper of Gozag Ym Sagoz the Greedy
  9286 | D:2      | Reached skill level 13 in Evocations
 10000 | D:8      | Got a wizard robe
 10024 | D:8      | Identified the +1 robe of Icikhluc {rF+ MR+ Int+3 SInv} (You found it on level 8 of the Dungeon)
 10222 | D:8      | Reached skill level 1 in Staves
 10261 | D:8      | Reached XP level 10. HP: 40/46 MP: 11/20
 10385 | D:8      | Found a white marble altar of Elyvilon.
 10390 | D:8      | Found a staircase to the Lair.
 10390 | D:8      | Found an iron altar of Okawaru.
 10390 | D:8      | Found a hazy altar of Hepliaklqana.
 10422 | D:8      | Found a sparkling altar of Nemelex Xobeh.
 10466 | D:8      | Found a burning altar of Makhleb.
 10467 | D:8      | Found a radiant altar of Vehumet.
 10480 | D:8      | Noticed a two-headed ogre
 10489 | D:8      | Killed a two-headed ogre
 10686 | D:9      | Found a sacrificial altar of Ru.
 10735 | D:9      | Found a glowing golden altar of the Shining One.
 10906 | D:9      | Noticed an unseen horror
 10922 | D:9      | Killed an unseen horror
 11089 | D:9      | Found a runed gate.
 11089 | D:9      | Found a runed gate.
 11089 | D:9      | Found a runed gate.
 11478 | D:9      | Noticed a two-headed ogre
 11480 | D:9      | HP: 1/46 [troll (7)]
 11480 | D:9      | Slain by a troll

Vault maps used:
D:1:      lemuel_arrival_hallway
D:2:      nicolae_overflow_crystal_walls, lexackson_kobold_supper
D:3:      chequers_ecumenical_altar_island, lemuel_old_faithful
D:4:      serial_shops, nicolae_shop_stone
D:5:      tgw_trog, first_ration, minmay_misc_feat_encased, minmay_crossroads
D:6:      kennysheep_steamy, nicolae_overflow_hidden_temple,
          minmay_temple_entry_poolview, lightli_sewer_entry_pipes,
          uniq_blork_the_orc, uniq_menkaure
D:8:      grunt_temple_overflow_lords_of_destruction, grunt_gozag_statues,
          grunt_temple_overflow_open, lair_entry_dummy,
          hangedman_pestilent_swarm, grunt_ministairs_7
D:9:      nicolae_tso_carved_into_rock, nicolae_ru_sacrificial_ziggurat,
          marbit_many_paths, kennysheep_orc_monster_closet_entryway,
          gammafunk_ghost_icy, roderic_malta_cross
Temple:   kb_corrupted_temple
Sewer:    sewer_frog_island_02

Skill      XL: |  1  2  3  4  5  6  7  8  9 10 |
---------------+-------------------------------+-----
Short Blades   | 1 2 3 4 5 7 |  7.3
Spellcasting   | 3 4 5 6 |  6.5
Fighting       | 1 |  1.5
Stealth        | 4 5 7 |  7.3
Evocations     | 8 13 | 13.9
Staves         | 1 4 |  4.0
Dodging        | 4 |  4.0
Hexes          | |  3.6
Charms         | |  1.5
Translocations | |  3.0

Action                   |  1- 3 |  4- 6 |  7- 9 | 10-12 || total
-------------------------+-------+-------+-------+-------++-------
Melee: Dagger            |    41 |   138 |   292 |       ||   471
       Staff             |       |       |   148 |    58 ||   206
 Fire: Hand crossbow     |    19 |       |       |       ||    19
 Cast: Call Imp          |       |     9 |    11 |       ||    20
       Mephitic Cloud    |       |     1 |    11 |       ||    12
       Conjure Flame     |       |     1 |     9 |       ||    10
Evoke: Wand              |       |     5 |    16 |       ||    21
       Staff of Olgreb   |       |       |    26 |     7 ||    33
  Use: Scroll            |       |       |    10 |       ||    10
 Stab: Sleeping          |     3 |     1 |    20 |     4 ||    28
       Confused          |       |     1 |     5 |       ||     6
       Distracted        |       |       |     4 |       ||     4
  Eat: Ration            |       |     2 |     5 |       ||     7
Armor: Robe              |     4 |    11 |    15 |     4 ||    34
       Steam dragon scal |       |       |    33 |       ||    33
Dodge: Dodged            |    32 |    81 |   309 |    55 ||   477

Table legend:
 A = Spawn XP
 B = Non-spawn XP
 C = Spawn XP percentage of total XP
 D = Spawn monster count
 E = Non-spawn monster count
 F = Spawn count percentage of total count
 G = Total turns spent on level
                    A         B        C        D         E        F      G
               +---------+---------+-------+---------+---------+-------+---------
         Total |       0 |    8864 |   0.0 |       0 |     230 |   0.0 | 11480
               +---------+---------+-------+---------+---------+-------+---------
           D:1 |       0 |      24 |   0.0 |       0 |      12 |   0.0 |   468
           D:2 |       0 |      40 |   0.0 |       0 |      16 |   0.0 |   923
           D:3 |       0 |      55 |   0.0 |       0 |      19 |   0.0 |   687
           D:4 |       0 |     169 |   0.0 |       0 |       6 |   0.0 |  1205
           D:5 |       0 |     609 |   0.0 |       0 |      26 |   0.0 |  2409
           D:6 |       0 |    2050 |   0.0 |       0 |      33 |   0.0 |  2026
           D:7 |       0 |    1087 |   0.0 |       0 |      17 |   0.0 |  1068
           D:8 |       0 |    2806 |   0.0 |       0 |      42 |   0.0 |   941
           D:9 |       0 |    1704 |   0.0 |       0 |      15 |   0.0 |   793
         Sewer |       0 |     320 |   0.0 |       0 |      44 |   0.0 |   841
               +---------+---------+-------+---------+---------+-------+---------
